Unix NetHack Version 5.0.0-0 post-release - last build Jun 10 2026 00:39:30 (3ee93aec679c4c4259841fe613dc97188e26a321,branch:main).

Game began 2026-06-19 20:45:01, ended 2026-06-19 20:49:19.

IanCurtis, chaotic male elven Wizard

                                                        ---
                                                       .|.--
                                                       ....|
                                                       .@..|
                                                       .G..-

                                                     G
                                                    h


                                                        h  G


                                                   G

IanCurtis the Evoker      St:8 Dx:12 Co:16 In:20 Wi:11 Ch:9  Chaotic
Dlvl:5  $:7  HP:0(19) Pw:11(16) AC:8  Xp:2 T:677 

Latest messages:
 What do you want to name this jade ring? cursed
 What do you want to dip? [a-v or ?*] ?
 Dip an uncursed potion of sickness into the fountain? [yn] (n) y
 Your potion of sickness dilutes.
 What do you want to dip? [a-v or ?*] g
 Dip an uncursed diluted potion of sickness into the fountain? [yn] (n) y
 Your diluted potion of sickness dilutes further.
 What do you want to dip? [a-v or ?*] h
 Dip an uncursed potion of paralysis into the fountain? [yn] (n) y
 Your potion of paralysis dilutes.
 A strange tingling runs up your arm.
 What do you want to dip? [a-v or ?*] h
 Dip an uncursed diluted potion of paralysis into the fountain? [yn] (n) y
 Your diluted potion of paralysis dilutes further.
 An endless stream of snakes pours forth!
 The kitten misses the water moccasin.
 The kitten misses the water moccasin.
 The water moccasin bites!
 The kitten misses the water moccasin.
 The water moccasin bites!
 The kitten misses the water moccasin.
 What do you want to write with? [- ac-enqtv or ?*] -
 You write in the dust with your fingertip.
 What do you want to write in the dust here? Elbereth
 The water moccasin turns to flee.
 The water moccasin turns to flee.
 The water moccasin turns to flee.
 The kitten misses the water moccasin.
 You descend the stairs.
 The kitten bites the gnome.
 You kill the gnome!
 Your kitten eats a gnome corpse.
 A trap door opens up under you!
 You fall down a shaft!
 The kitten is still eating.
 What do you want to drink? [fgh or ?*] ?
 What do you want to drink? [fgh or ?*] <space>
 Never mind.
 In what direction? j
 The spell hits the gnome lord!
 You hear a crumbling sound.
 You hit the gnome lord.
 The dwarf throws a dagger!
 The dagger hits the gnome lord.
 You miss the gnome lord.
 The dwarf throws a dagger!
 The gnome is hit.
 The gnome lord hits!
 You die...
 Do you want your possessions identified? [ynq] (y) q

Inventory:
 Coins    ('$')
  $ - 7 gold pieces
 Weapons  (')')
  q - a +0 orcish dagger
  a - a blessed +1 quarterstaff (weapon in hands)
 Armor    ('[')
  p - an uncursed +0 helmet (being worn)
  b - an uncursed +0 cloak of magic resistance (being worn)
 Comestibles  ('%')
  s - an uncursed cram ration
  r - an uncursed lichen corpse
 Scrolls  ('?')
  k - an uncursed scroll of earth
  j - a blessed scroll of remove curse
  i - an uncursed scroll of remove curse
  u - an uncursed scroll of scare monster
 Spellbooks  ('+')
  l - a blessed spellbook of force bolt
  m - an uncursed spellbook of slow monster
 Potions  ('!')
  f - an uncursed potion of oil
  g - an uncursed potion of water
  h - an uncursed potion of water
 Rings    ('=')
  v - a cursed +0 ring of gain strength named cursed
  e - an uncursed ring of sustain ability
  d - an uncursed ring of teleport control
 Wands    ('/')
  c - a wand of cold (0:4)
  t - a wand of undead turning (0:8)
 Tools    ('(')
  o - an uncursed wooden harp
  n - a magic marker (0:20)

IanCurtis the Wizard's attributes:

Background:
 You were an Evoker, a level 2 male elven Wizard.
 You were chaotic, on a mission for Anhur
 who was opposed by Ptah (lawful) and Thoth (neutral).
 You were right-handed.
 You were in the Gnomish Mines, on level 5.
 You entered the dungeon 677 turns ago.
 You had 27 experience points, 13 more were needed to attain level 3.

Basics:
 You had 0 out of 19 hit points.
 You had 11 out of 16 energy points (spell power).
 Your armor class was 8.
 Your wallet contained 7 zorkmids.
 Autopickup was off.

Final Characteristics:
 Your strength was 8 (limit:18).
 Your dexterity was 12 (limit:18).
 Your constitution was 16 (limit:16).
 Your intelligence was 20 (limit:20).
 Your wisdom was 11 (limit:20).
 Your charisma was 9 (limit:18).

Final Status:
 You weren't hungry.
 You were unencumbered.
 You were wielding a quarterstaff.
 You had basic skill with quarterstaff.

Final Attributes:
 You were fervently aligned.
 You were magic-protected.
 You had infravision.
 You were warded.
 You are dead.

Miscellaneous:
 You didn't encounter any bones levels.
 Total elapsed playing time was 4 minutes and 17 seconds.

Major events:
 Turn
    1: IanCurtis the chaotic male elven Wizard entered the dungeon
  667: entered the Gnomish Mines
  677: killed by a gnome lord

Spells:
 Name                 Level Category     Fail Retention
 force bolt             1   attack         0%  91%-100%
 slow monster           2   enchantment    0%  91%-100%

Skills:
 Fighting Skills
   bare handed combat [Unskilled]
   riding             [Unskilled]
 Weapon Skills
   dagger             [Unskilled]
   knife              [Unskilled]
   axe                [Unskilled]
   short sword        [Unskilled]
   club               [Unskilled]
   mace               [Unskilled]
   quarterstaff       [Basic]
   polearms           [Unskilled]
   spear              [Unskilled]
   trident            [Unskilled]
   sling              [Unskilled]
   dart               [Unskilled]
   shuriken           [Unskilled]
 Spellcasting Skills
   attack spells      [Basic]
   healing spells     [Unskilled]
   divination spells  [Unskilled]
   enchantment spells [Basic]
   clerical spells    [Unskilled]
   escape spells      [Unskilled]
   matter spells      [Unskilled]

Voluntary challenges:
 Character rerolling was not enabled.
 You were an atheist.
 You never genocided any monsters.
 You never polymorphed an object.
 You never changed form.
 You used no wishes.
Achievement:
 You entered the Gnomish Mines.

 The Dungeons of Doom: levels 1 to 2
    Level 1:
    Level 2: "closed shop, vault"
       Some fountains, a sink.
       Stairs down to The Gnomish Mines.
 The Gnomish Mines: levels 3 to 5
    Level 3:
    Level 5: <- You were here.
       Final resting place for
          you, killed by a gnome lord.


Vanquished creatures:
  a gnome
  a jackal
  a goblin
  2 sewer rats
  3 grid bugs
  2 lichens
  4 newts
14 creatures vanquished.

No species were genocided or became extinct.

Game over:
                       ----------
                      /          \
                     /    REST    \
                    /      IN      \
                   /     PEACE      \
                  /                  \
                  |    IanCurtis     |
                  |       7 Au       |
                  |   killed by a    |
                  |    gnome lord    |
                  |                  |
                  |                  |
                  |       2026       |
                 *|     *  *  *      | *
        _________)/\\_//(\/(/\)/\//\/|_)_______

Goodbye IanCurtis the Wizard...

You died in The Gnomish Mines on dungeon level 5 with 315 points,
and 7 pieces of gold, after 677 moves.
You were level 2 with a maximum of 19 hit points when you died.

